 Dungeon Crawl Stone Soup version 0.17-a0-1399-gd5b76e1 (webtiles) character file.

1727 bal the Sneak (level 9, 0/46 HPs)
             Began as a Vine Stalker Monk on June 18, 2015.
             Was a Priest of Qazlal.
             Slain by an orc warrior
             ... wielding a +0 halberd
              (15 damage)
             ... on level 7 of the Dungeon.
             The game lasted 00:24:36 (5151 turns).

bal the Sneak (Vine Stalker Monk)                   Turns: 5151, Time: 00:24:37

Health: 0/46       AC: 13    Str: 25    XL:     9   Next: 5%
Magic:  0/10       EV: 18    Int: 10    God:    Qazlal [***...]
Gold:   268        SH:  4    Dex: 23    Spells: 0 memorised, 8 levels left

rFire  + . .     SeeInvis .     c - +3 spear (venom)
rCold  . . .     Clarity  .     h - +1 leather armour {rF+}
rNeg   . . .     SustAt   .     (no shield)
rPois  .         Gourm    .     (no helmet)
rElec  .         Spirit   +     g - +2 cloak
rCorr  .         Warding  .     r - +2 pair of gloves
rMut   .         Stasis   .     m - +2 pair of boots
MR     +....                    (no amulet)
Stlth  +++.......               q - +4 ring of strength
                                p - +5 ring of dexterity

@: mighty, very slightly contaminated, somewhat resistant to hostile
enchantments, fairly stealthy
A: fangs 3, high mp 1, regeneration 2, magic shield, antimagic bite, no device
heal 3, rot immunity
a: Upheaval, Elemental Force, Renounce Religion


You were on level 7 of the Dungeon.
You worshipped Qazlal.
Qazlal was most pleased with you.
You were hungry.

You visited 2 branches of the dungeon, and saw 8 of its levels.

You collected 268 gold pieces.

Inventory:

Hand weapons
 c - a +3 spear of venom (weapon)
 d - a +0 hunting sling
 f - a +2 quarterstaff of chaos
 l - a +3 scythe
Missiles
 e - 58 sling bullets
 w - 5 tomahawks
 C - 5 steel tomahawks (quivered)
Armour
 g - a +2 cloak (worn)
 h - a +1 leather armour of fire resistance (worn)
 m - a +2 pair of boots (worn)
 r - a +2 pair of gloves (worn)
Jewellery
 p - a +5 ring of dexterity (left hand)
 q - a +4 ring of strength (right hand)
Magical devices
 j - a wand of confusion (17)
 k - a wand of magic darts (21)
 u - a wand of random effects (29)
Scrolls
 i - 3 scrolls of identify
 y - a scroll of fog
 z - 2 scrolls of remove curse
 B - a scroll of magic mapping
Potions
 a - a potion of agility {unknown}
 o - 2 potions of might
 A - a potion of curing
Books
 n - a Necronomicon {highlevel, unknown}

   This book is beyond your current level of understanding.

   Spells                             Type                      Level
   a - Haunt                          Necromancy/Summoning         7
   b - Borgnjor's Revivification      Necromancy                   8
   c - Death's Door                   Charms/Necromancy            8
   d - Necromutation                  Transmutation/Necromancy     8
Comestibles
 b - 4 bread rations
 s - a royal jelly
 t - 2 beef jerkies
 E - a meat ration


   Skills:
 + Level 4.5 Fighting
 + Level 4.0 Polearms
 + Level 0.4 Armour
 + Level 6.4 Dodging
 + Level 7.5 Stealth
 + Level 4.8 Unarmed Combat


You had 8 spell levels left.
You didn't know any spells.

Dungeon Overview and Level Annotations

Branches:
Dungeon (7/15)             Temple (1/1) D:5

Altars:
Ashenzari
Cheibriados
Dithmenos
Elyvilon
Fedhas
Gozag
Kikubaaqudgha
Makhleb
Nemelex Xobeh
Okawaru
Qazlal
Ru
Sif Muna
Trog
Vehumet
Xom
Yredelemnul
Zin
The Shining One


Innate Abilities, Weirdness & Mutations

You have razor-sharp teeth.
You heal very quickly.
When hurt, damage is shared between your health and your magic reserves.
Your bite disrupts and absorbs the magic of your enemies.
Potions and wands cannot restore your health.
You are immune to rotting.
You have an increased reservoir of magic (+10% MP).


Message History

Drink which item? (? for menu, Esc to quit)
You feel very mighty all of a sudden. The orc warrior barely misses you.
You puncture the orc warrior!
The orc warrior is poisoned.
You bite the orc warrior! You drain its power.
You feel invigorated.
You kill the orc warrior!
Qazlal accepts your kill.
Your Polearms skill increases to level 4!
You have reached level 9!
Your experience leads to an increase in your attributes!
Your base attributes are Str 16, Int 10, Dex 17.
Increase (S)trength, (I)ntelligence, or (D)exterity?
You feel agile. The orc warrior misses you.
You puncture the orc!
You kill the orc!
Qazlal accepts your kill.
You hear a shout!
The orc warrior hits you from afar with a halberd!!
You die...

#.#.#####.# #
#.#........ #.
#.#.......#
#.###.#.......#
...#.#........
#.#§........#######
#...........#.).o.#
#..##.#######.###.#
#<.#...§§@§o§o..).#
#..#..#######†#####
#..#.).).(....#
#..#.###....<.#
#..#...>...#.##
#..#####.#.#.#
.......))..#.#
##.........#.#
#.##......#.#


You could see an orc warrior.

Vanquished Creatures
  Grinder (D:3)
  Menkaure (D:6)
  2 orc warriors (D:7)
  An ogre (D:5)
  2 centaurs
  A phantom (D:6)
  2 giant frogs (D:6)
  A crimson imp (D:6)
  2 hounds
  A centaur skeleton (D:4)
  Crazy Yiuf (D:2)
  A giant frog skeleton (D:7)
  2 worker ants (D:5)
  Jessica (D:2)
  5 orc priests
  Terence (D:2)
  Natasha (thrice) (D:3)
  2 hound skeletons
  A worker ant zombie (D:6)
  4 adders
  4 gnolls (D:3)
  An ooze (D:2)
  An adder zombie (D:6)
  An adder skeleton (D:4)
  A worm (D:2)
  A giant gecko (D:4)
  31 orcs
  15 bats
  3 bat skeletons
  3 giant cockroaches
  13 goblins
  15 hobgoblins
  10 jackals
  A ball python (D:4)
  5 giant newts
  10 kobolds
  A quokka (D:6)
  2 quokka zombies
  10 rats
  2 butterflies (D:4)
  2 fungi (D:2)
167 creatures vanquished.

Notes
Turn   | Place    | Note
--------------------------------------------------------------
     0 | D:1      | bal the Vine Stalker Monk began the quest for the Orb.
     0 | D:1      | Reached XP level 1. HP: 11/11 MP: 2/2
    83 | D:1      | Reached XP level 2. HP: 13/16 MP: 3/3
   428 | D:1      | Reached XP level 3. HP: 20/20 MP: 4/4
   763 | D:2      | Noticed Terence
   770 | D:2      | Killed Terence
   796 | D:2      | Reached XP level 4. HP: 24/24 MP: 5/5
  1244 | D:2      | Noticed Jessica
  1250 | D:2      | Gained mutation: You have an increased reservoir of magic (+10% MP). [potion of beneficial mutation]
  1287 | D:2      | Killed Jessica
  1614 | D:2      | Noticed Crazy Yiuf
  1633 | D:2      | Killed Crazy Yiuf
  1633 | D:2      | Reached XP level 5. HP: 18/28 MP: 1/6
  1700 | D:3      | Noticed Natasha
  1712 | D:3      | Killed Natasha
  1857 | D:3      | Noticed Natasha
  1901 | D:3      | Killed Natasha
  1967 | D:3      | Gained mutation: You heal very quickly. [Vine Stalker growth]
  1967 | D:3      | Reached XP level 6. HP: 11/32 MP: 4/7
  1982 | D:3      | Found a deep blue altar of Sif Muna.
  2079 | D:3      | Reached skill level 1 in Polearms
  2101 | D:3      | Noticed Grinder
  2168 | D:3      | Paralysed by Grinder for 2 turns
  2171 | D:3      | Killed Grinder
  2171 | D:3      | Reached skill level 5 in Stealth
  2171 | D:3      | Reached XP level 7. HP: 15/36 MP: 4/8
  2334 | D:3      | Noticed Natasha
  2343 | D:3      | Killed Natasha
  2445 | D:4      | Found a shimmering altar of Xom.
  2792 | D:4      | Found a shattered altar of Ashenzari.
  2932 | D:4      | Found a sacrificial altar of Ru.
  3222 | D:5      | Entered Level 5 of the Dungeon
  3303 | D:5      | Found a shadowy altar of Dithmenos.
  3324 | D:5      | Found a staircase to the Ecumenical Temple.
  3345 | Temple   | Entered the Ecumenical Temple
  3459 | Temple   | Became a worshipper of Qazlal Stormbringer
  3459 | Temple   | Acquired Qazlal's first power
  3459 | Temple   | Acquired Qazlal's second power
  3517 | D:5      | Reached skill level 6 in Stealth
  3905 | D:5      | Reached skill level 5 in Dodging
  4333 | D:6      | Gained mutation: You have razor-sharp teeth. [Vine Stalker growth]
  4333 | D:6      | Reached XP level 8. HP: 42/42 MP: 9/9
  4472 | D:6      | Noticed Menkaure
  4476 | D:6      | Killed Menkaure
  4566 | D:6      | Reached skill level 7 in Stealth
  4600 | D:6      | Found a blossoming altar of Fedhas.
  4853 | D:6      | Acquired Qazlal's third power
  5150 | D:7      | Reached XP level 9. HP: 14/46 MP: 7/10
  5151 | D:7      | Slain by an orc warrior

Vault maps used:
D:1:      zaba_arrival_water
D:2:      st_stairs_8, uniq_jessica, uniq_crazy_yiuf_cottage, uniq_terence
D:3:      first_bread, lemuel_blue_sif_altar, uniq_natasha, uniq_grinder
D:4:      xom_butterflies, nicolae_ru_sacrificial_ziggurat,
          lightli_sewer_entry_pipes, evilmike_ruin_ashenzari
D:5:      minmay_temple_entry_trees, serial_park, serial_park_avenue1,
          serial_park_square2, serial_park_square3, serial_park_gazebo
D:6:      fedhas_altar_2, uniq_menkaure
D:7:      minmay_temple_entry_fiery, uniq_duvessa
Temple:   nicolae_temple_elliptical

Action                   |  1- 3 |  4- 6 |  7- 9 || total
-------------------------+-------+-------+-------++-------
Melee: Unarmed           |    49 |       |       ||    49
       Spear             |    16 |   102 |   235 ||   353
  Use: Scroll            |     2 |     7 |    10 ||    19
       Potion            |       |     6 |     3 ||     9
 Stab: Sleeping          |     3 |     5 |     8 ||    16
       Distracted        |     1 |     2 |       ||     3
  Eat: Chunk             |       |     2 |       ||     2
       Meat ration       |       |     1 |       ||     1
       Fruit             |       |       |     4 ||     4
       Pizza             |       |       |     2 ||     2
